 Dungeon Crawl Stone Soup version 0.23.0 (webtiles) character file.

Game seed: 14638340845543825877

1114 Fuzzwah the Chopper (level 8, 0/70 HPs)
             Began as a Minotaur Berserker on Feb 17, 2019.
             Was a Priest of Trog.
             Slain by an orc warrior
             ... wielding a +0 long sword
              (15 damage)
             ... on level 6 of the Dungeon.
             The game lasted 00:10:13 (4456 turns).

Fuzzwah the Chopper (Minotaur Berserker)            Turns: 4456, Time: 00:10:13

Health: 0/70       AC:  7    Str: 24    XL:     8   Next: 12%
Magic:  7/7        EV: 14    Int:  4    God:    Trog [***...]
Gold:   298        SH:  0    Dex: 13    Spells: 7/7 levels left

rFire    + + .     SeeInvis +   a - +0 hand axe
rCold    . . .     Gourm    .   (no shield)
rNeg     . . .     Faith    .   b - +2 leather armour of the Foremost Shrikes {rF++ Str+3 SInv}
rPois    .         Spirit   .   (helmet restricted)
rElec    .         Reflect  .   (no cloak)
rCorr    .         Harm     .   g - +0 pair of gloves
MR       .....                  (no boots)
Stlth    +.........             (no amulet)
HPRegen  0.21/turn              (no ring)
MPRegen  0.10/turn              (no ring)

@: no status effects
A: retaliatory headbutt, horns 2
a: Berserk, Trog's Hand, Renounce Religion


You were on level 6 of the Dungeon.
You worshipped Trog.
Trog was most pleased with you.
You were hungry.

You visited 1 branch of the dungeon, and saw 6 of its levels.

You collected 298 gold pieces.

Inventory:

Hand Weapons
 a - a +0 hand axe (weapon)
Armour
 b - the +2 leather armour of the Foremost Shrikes (worn) {rF++ Str+3 SInv}
   (You found it on level 4 of the Dungeon)

   It affects your strength (+3).
   It greatly protects you from fire.
   It lets you see invisible.
 g - a +0 pair of gloves (worn)
   (You found it on level 2 of the Dungeon)
 j - a +0 chain mail
   (You found it on level 4 of the Dungeon)
Wands
 m - a wand of polymorph (9)
   (You found it on level 5 of the Dungeon)
 n - a wand of acid (1)
   (You took it off Ijyb on level 5 of the Dungeon)
Scrolls
 e - a scroll of enchant armour
 f - 3 scrolls of remove curse
 h - a scroll of enchant weapon
 i - 3 scrolls of teleportation
 l - 2 scrolls of immolation {!r}
 p - a scroll of fear
Potions
 d - a potion of resistance
 o - a potion of degeneration {!q}
 q - a potion of flight
Comestibles
 c - 7 rations


   Skills:
 + Level 6.0 Fighting
 * Level 7.5 Axes
 * Level 7.0 Armour
 + Level 4.6 Dodging


You had 7 spell levels left.
You didn't know any spells.
Your spell library was empty.

Dungeon Overview and Level Annotations

Branches:
Dungeon (6/15)
 Temple: D:4-7

Altars:
Cheibriados
Dithmenos
Fedhas
Gozag
Makhleb
Qazlal
Xom


Innate Abilities, Weirdness & Mutations

You reflexively headbutt those who attack you in melee.
You have a pair of horns on your head.


Message History

Your leather armour of the Foremost Shrikes prevents you from hitting the centaur.
You headbutt the centaur! The centaur closely misses you.
You hit the centaur.
You headbutt the centaur, but do no damage.
The centaur closely misses you. The centaur barely misses you.
You hit the centaur but do no damage. You headbutt the centaur.
The centaur hits you.
You take 1 damage, and have 47/70 hp.
You hit the centaur. The centaur hits you!
You take 7 damage, and have 40/70 hp.
You are too injured to fight recklessly!
You are too injured to fight recklessly!
You are too injured to fight recklessly!
You are too injured to fight recklessly!
You are too injured to fight recklessly!
You hit the centaur.
You kill the centaur!
Trog accepts your kill.
Your Armour skill increases to level 7!
You now have 281 gold pieces (gained 19).
Things that are here:
a +0 shortbow; 29 arrows
s - a brightly glowing ruby amulet Put on which piece of jewellery? (? for menu, Esc to quit)
You feel clumsy.
s - the amulet "Awaboid" (around neck) {+Rage rElec MR++ Dex-5} Drop what? 19/52 slots (_ for help) (? for menu, Esc to quit)
You remove the amulet "Awaboid" {+Rage rElec MR++ Dex-5}.
You drop the amulet "Awaboid" {+Rage rElec MR++ Dex-5}.
Things that are here:
18 arrows; a hunting sling
k - 2 scrolls of identify (gained 1)
Things that are here:
18 arrows; a hunting sling
f - 3 scrolls of remove curse (gained 1)
You now have 298 gold pieces (gained 17).
Done exploring.
You regained 2 hp, and now have 44/70 hp.
As you read the scroll of identify, it crumbles to dust.
q - a potion of flight
As you read the scroll of identify, it crumbles to dust.
o - a potion of degeneration Done exploring.
You start resting.
All of the chunks of flesh in your inventory have rotted away.
Health restored: 70
Things that are here:
a +0 shortbow; 29 arrows
There is an open door here.
You see here a dagger.
You see here a jackal skeleton.
You are feeling hungry.
There is a stone staircase leading down here.
You climb downwards.
There is a stone staircase leading up here.
An orc comes into view. It is wielding a +0 dagger.
Found a potion of curing.
Found an escape hatch in the floor.
An orc warrior comes into view. It is wielding a +0 long sword.
The orc warrior shouts!
An orc comes into view. It is wielding a +0 club.
The orc shouts!
The orc hits you but does no damage.
You closely miss the orc. You headbutt the orc.
You kill the orc!
Trog accepts your kill.
You see here a +0 dagger.
You completely miss the orc warrior. You headbutt the orc warrior!
The orc warrior hits you with a +0 long sword!
You take 13 damage, and have 57/70 hp.
You hit the orc warrior. You hit the orc warrior.
Your headbutt misses the orc warrior.
The orc warrior hits you with a +0 long sword!!
You take 19 damage, and have 38/70 hp.
MASSIVE DAMAGE!!
You are too injured to fight recklessly!
You are too injured to fight recklessly!
You hit the orc warrior but do no damage.
You closely miss the orc. The orc misses you. You furiously retaliate!
You headbutt the orc.
The orc warrior hits you with a +0 long sword.
You take 4 damage, and have 34/70 hp.
You barely miss the orc warrior. Your headbutt misses the orc warrior.
You hit the orc.
You kill the orc!
Trog accepts your kill. The orc warrior closely misses you.
You closely miss the orc warrior. You completely miss the orc warrior.
The orc warrior hits you with a +0 long sword!
You take 8 damage, and have 27/70 hp.
You hit the orc warrior but do no damage.
Your headbutt misses the orc warrior.
The orc warrior hits you with a +0 long sword!
* * * LOW HITPOINT WARNING * * *
You take 13 damage, and have 14/70 hp.
You closely miss the orc warrior. The orc warrior barely misses you.
You hit the orc warrior.
You hit the orc warrior but do no damage.
The orc warrior hits you with a +0 long sword!
You die...

##.......# .
........# ..
#.......# ##
#.##.......###. ...
...............
......#.........##.
...........<.......
......####.........
#.....o@.......####
#.....)#.........#
#.##...#.......#..#
#....#.......# .#
#.##.#.......# .
#.. #....#.##... #.
...!...> ... .
.....#... ..


You could see an orc warrior.

Vanquished Creatures
  A phantom (D:5)
  An ice beast (D:5)
  2 ogres
  2 centaurs (D:5)
  A howler monkey (D:5)
  A crimson imp (D:5)
  An orc priest (D:4)
  3 hounds
  An orc wizard (D:4)
  A centaur skeleton (D:4)
  An iguana (D:4)
  Ijyb (D:5)
  6 worker ants
  8 adders
  An adder zombie (D:5)
  2 worms
  A dart slug (D:2)
  4 leopard geckos
  13 orcs
  4 giant cockroaches
  7 goblins
  3 hobgoblins
  6 jackals
  4 quokkas
  3 ball pythons
  2 bats
  5 frilled lizards
  A jackal skeleton (D:5)
  5 kobolds
  4 rats
95 creatures vanquished.

Notes
Turn   | Place    | Note
-------+----------+-------------------------------------------
     0 | D:1      | Fuzzwah the Minotaur Berserker began the quest for the Orb.
     0 | D:1      | Reached XP level 1. HP: 19/19 MP: 0/0
   211 | D:1      | Reached XP level 2. HP: 25/27 MP: 1/1
   997 | D:2      | Reached skill level 4 in Axes
   998 | D:2      | Found a snail-covered altar of Cheibriados.
  1004 | D:2      | Reached skill level 3 in Armour
  1099 | D:2      | Reached skill level 4 in Fighting
  1099 | D:2      | Reached XP level 3. HP: 33/33 MP: 2/2
  1513 | D:3      | Reached ** piety under Trog
  1549 | D:3      | Found a shadowy altar of Dithmenos.
  1570 | D:3      | Reached XP level 4. HP: 35/40 MP: 3/3
  1937 | D:3      | Found a faded altar of an unknown god.
  2172 | D:3      | Found a burning altar of Makhleb.
  2172 | D:3      | Noticed an Executioner
  2234 | D:4      | Found a shimmering altar of Xom.
  2257 | D:3      | HP: 10/41 [poisoned by a worker ant]
  2264 | D:3      | HP: 8/41 [poisoned by a worker ant]
  2269 | D:3      | HP: 7/41 [poisoned by a worker ant]
  2536 | D:4      | Reached skill level 5 in Axes
  2536 | D:4      | Reached skill level 4 in Armour
  2536 | D:4      | Reached skill level 3 in Dodging
  2536 | D:4      | Reached XP level 5. HP: 34/47 MP: 4/4
  2805 | D:4      | Got a faintly glowing leather armour
  2817 | D:4      | Identified the +2 leather armour of the Foremost Shrikes
                  | {rF++ Str+3 SInv} (You found it on level 4 of the Dungeon)
  2898 | D:4      | Reached XP level 6. HP: 50/55 MP: 5/5
  2909 | D:4      | Reached skill level 5 in Fighting
  2909 | D:4      | Reached skill level 5 in Armour
  3053 | D:4      | Reached skill level 6 in Axes
  3054 | D:4      | You fall through a shaft!
  3054 | D:5      | Entered Level 5 of the Dungeon
  3109 | D:5      | Reached XP level 7. HP: 61/61 MP: 6/6
  3122 | D:5      | Found a blossoming altar of Fedhas.
  3234 | D:5      | Noticed Ijyb
  3237 | D:5      | Killed Ijyb
  3366 | D:5      | Found an opulent altar of Gozag.
  3407 | D:5      | Reached skill level 6 in Armour
  3407 | D:5      | Reached skill level 4 in Dodging
  3738 | D:5      | Found a stormy altar of Qazlal.
  3840 | D:5      | Reached skill level 7 in Axes
  4126 | D:5      | Reached *** piety under Trog
  4196 | D:5      | Reached XP level 8. HP: 48/70 MP: 7/7
  4201 | D:5      | Reached skill level 6 in Fighting
  4224 | D:5      | Reached skill level 7 in Armour
  4228 | D:5      | Got a brightly glowing ruby amulet
  4229 | D:5      | Identified the amulet "Awaboid" {+Rage rElec MR++ Dex-5}
                  | (You found it on level 5 of the Dungeon)
  4453 | D:6      | HP: 14/70 [orc warrior/+0 long sword (13)]
  4456 | D:6      | Slain by an orc warrior

Skill      XL: |  1  2  3  4  5  6  7  8 |
---------------+-------------------------+-----
Axes           | 4 5 6 7 |  7.5
Armour         | 3 4 5 6 7 |  7.0
Fighting       | 4 5 6 |  6.0
Dodging        | 3 4 |  4.6

Action                   |  1- 3 |  4- 6 |  7- 9 || total
-------------------------+-------+-------+-------++-------
Melee: Hand axe          |    67 |    56 |    94 ||   217
       Headbutt          |    16 |    12 |    19 ||    47
Invok: Berserk           |     1 |     2 |     1 ||     4
  Use: Scroll            |     7 |     5 |     2 ||    14
       Potion            |     3 |     1 |       ||     4
 Stab: Sleeping          |     1 |     1 |       ||     2
  Eat: Chunk             |     3 |     3 |     5 ||    11
       Ration            |       |     1 |       ||     1
Armor: Animal skin       |     5 |       |       ||     5
       Ring mail         |    15 |    16 |       ||    31
       Leather armour    |       |     6 |    24 ||    30
       Chain mail        |       |     1 |       ||     1
Dodge: Dodged            |    42 |    51 |    44 ||   137

Levels and vault maps discovered:
D:1:      eino_arrival_water_star, layout_basic, serial_bayou,
          serial_bayou_pond_a, serial_bayou_pond_e, serial_bayou_pond_a,
          serial_bayou_lagoon_b, serial_bayou_shore_b, serial_bayou_crossing,
          minmay_misc_feat_square
D:2:      layout_loops_cross, kennysheep_slug_shrine, kennysheep_potato
D:3:      layout_loops_ring, lemuel_round_altar,
          chequers_ecumenical_altar_lobes, makhleb_altar_promises_db
D:4:      layout_cave_pools, overflow_temple_1_default,
          minmay_temple_entry_butterflies
D:5:      kennysheep_windowed_halls, layout_rooms, kennysheep_mini_moat,
          basic_altar, first_ration, corexii_hall_statues_u,
          minmay_misc_feat_four_crosses, fedhas_altar_2, uniq_ijyb
D:6:      layout_rooms, overflow_temple_1_default, grunt_ministairs_15,
          led_sif_pool

Table legend:
 A = Turns spent in this place as a percentage of turns spent in the entire game.
 B = Non-inter-level travel turns spent in this place as a percentage of non-inter-level travel turns spent in the entire game.
 C = Inter-level travel turns spent in this place as a percentage of turns spent in this place.
 D = Turns resting spent in this place as a percentage of non-inter-level travel turns spent in this place.
 E = Turns spent auto-exploring this place as a percentage of non-inter-level travel turns spent in this place.
 F = Non-inter-level travel turns spent in this place divided by the number of levels of this place that you've seen.
                   A       B       C       D       E      F
               +-------+-------+-------+-------+-------+----------------------
         Total | 100.0 | 100.0 |   4.7 |  34.8 |  50.0 | 708.0
       Dungeon | 100.0 | 100.0 |   4.7 |  34.8 |  50.0 | 708.0
               +-------+-------+-------+-------+-------+----------------------

Table legend:
 A = Kills in this place as a percentage of kills in entire the game.
 B = Kills by you in this place as a percentage of kills by you in the entire game.
 C = Kills by friends in this place as a percentage of kills by friends in the entire game.
 D = Other kills in this place as a percentage of other kills in the entire game.
 E = Experience gained in this place as a percentage of experience gained in the entire game.
 F = Experience gained in this place divided by the number of levels of this place that you have seen.
                   A       B       C       D       E      F
               +-------+-------+-------+-------+-------+----------------------
         Total | 100.0 | 100.0 |   N/A |   N/A | 100.0 | 265.3
       Dungeon | 100.0 | 100.0 |   N/A |   N/A | 100.0 | 265.3
               +-------+-------+-------+-------+-------+----------------------
